 Dungeon Crawl Stone Soup version 0.28-a0-1524-ge72afd5fc6 (webtiles) character file.

Game seed: 13584167617561482087

1019 croobank the Insei (level 8, -3/60 HPs)
             Began as a Gnoll Transmuter on Jan 17, 2022.
             Was a Follower of Yredelemnul.
             Slain by an orc wizard (20 damage)
             ... on level 5 of the Dungeon.
             The game lasted 00:32:16 (7353 turns).

croobank the Insei (Gnoll Transmuter)               Turns: 7353, Time: 00:32:18

Health: -3/60      AC: 11    Str: 12    XL:     8   Next: 22%
Magic:  15/16      EV: 14    Int: 10    God:    Yredelemnul [*.....]
Gold:   228        SH:  0    Dex: 13    Spells: 15/18 levels left

rFire   . . .      SeeInvis .   n - +1 dire flail (protect)
rCold   . . .      Faith    .   (shield currently unavailable)
rNeg    . . .      Spirit   .   o - +0 leather armour
rPois   .          Reflect  .   (helmet currently unavailable)
rElec   .          Harm     .   t - +0 cloak
rCorr   .          Rampage  .   (no gloves)
Will    +....                   (boots currently unavailable)
Stlth   ++........              d - amulet of magic regeneration
HPRegen 0.20/turn               m - ring of willpower
MPRegen 0.55/turn               (no ring)

@: appendages, wereblooded (expiring), under a protective aura
A: horns 2, fangs 1, strong nose, distributed training, talons 1, deterioration
1, dopey 1, sturdy frame 1
a: End Transformation, Renounce Religion, Recall Undead Harvest


You were on level 5 of the Dungeon.
You worshipped Yredelemnul.
Yredelemnul was noncommittal.
You had temporarily grown beastly horns.
You visited 1 branch of the dungeon, and saw 5 of its levels.

You collected 228 gold pieces.

Inventory:

Hand Weapons
 f - a +2 dagger of venom
 n - a +1 dire flail of protection (weapon)
 p - a +0 glaive
 r - a +2 quarterstaff of chaos
Missiles
 b - 50 bolts
 h - 57 arrows
 i - 54 sling bullets
 l - 188 stones
 s - 9 poisoned darts
Armour
 a - a +0 robe
 j - a +0 chain mail
 o - a +0 leather armour (worn)
 q - a +0 scale mail
 t - a +0 cloak (worn)
Jewellery
 d - an amulet of magic regeneration (around neck)
 m - a ring of willpower (left hand)
Wands
 e - a wand of acid (3)
 g - a wand of polymorph (2)
Scrolls
 c - a scroll of fear
 k - a scroll of silence
 u - a scroll of identify
Potions
 v - a potion of curing


   Skills:
 + Level 4.0 Fighting
 + Level 3.1 Short Blades
 + Level 3.1 Long Blades
 + Level 3.1 Axes
 + Level 3.1 Maces & Flails
 + Level 3.1 Polearms
 + Level 3.1 Staves
 + Level 3.1 Slings
 + Level 3.1 Bows
 + Level 3.1 Crossbows
 + Level 3.1 Throwing
 + Level 3.1 Armour
 + Level 5.5 Dodging
 + Level 3.1 Stealth
 + Level 3.1 Shields
 + Level 7.3 Unarmed Combat
 + Level 5.9 Spellcasting
 + Level 2.5 Conjurations
 + Level 2.5 Hexes
 + Level 2.5 Summonings
 + Level 2.5 Necromancy
 + Level 2.5 Translocations
 + Level 4.6 Transmutations
 + Level 2.5 Fire Magic
 + Level 2.5 Ice Magic
 + Level 2.5 Air Magic
 + Level 2.5 Earth Magic
 + Level 2.5 Poison Magic
 + Level 3.4 Invocations
 + Level 3.1 Evocations


You had 15 spell levels left.
You knew the following spells:

 Your Spells              Type           Power      Damage    Failure   Level
a - Beastly Appendage     Tmut           24%        N/A       3%          1
b - Wereblood             Tmut           12%        N/A       4%          2

Your spell library contained the following spells:

 Spells                   Type           Power      Damage    Failure   Level
 Foxfire                  Conj/Fire      28%        2x1d5     8%          1
 Summon Small Mammal      Summ           28%        N/A       8%          1
 Spider Form              Tmut/Pois      10%        N/A       16%         3
 Call Canine Familiar     Summ           7%         N/A       24%         3
 Conjure Flame            Conj/Fire      7%         6-21      24%         3
 Inner Flame              Hex/Fire       7%         N/A       24%         3
 Summon Guardian Golem    Hex/Summ       7%         N/A       24%         3
 Ice Form                 Ice/Tmut       10%        N/A       45%         4
 Flame Wave               Conj/Fire      7%         2d4       61%         4


Dungeon Overview and Level Annotations

Branches:
Dungeon (5/15)
 Temple: D:4-7

Altars:
Ashenzari
Kikubaaqudgha
Okawaru
Uskayaw
Wu Jian
Yredelemnul

Shops:
D:2 [


Innate Abilities, Weirdness & Mutations

You have temporarily grown beastly horns.
You have very sharp teeth.
Your uncanny sense of smell can sniff out nearby items.
Your experience applies equally to all skills.
You have sharp toenails.
Your body sometimes deteriorates upon taking damage.
You are dopey. (Int -2)
Your movements are slightly less encumbered by armour. (ER -2)


Message History

Found a leather armour.
Your transformation is almost over.
Found a stone staircase leading up.
The orc priest miscasts a cantrip.
The orc priest hits you with a +0 mace.
You see here a +0 leather armour.
You closely miss the orc priest.
The orc priest calls down the wrath of Beogh upon you.
Beogh smites you!
You hit the orc priest.
Your weapon exudes an aura of protection.
The orc priest is heavily wounded.
Your primal bloodlust is almost over.
The orc wizard hits you with a +0 dagger of electrocution.
You are electrocuted!
* * * LOW HITPOINT WARNING * * *
The orc priest invokes the aid of Beogh against you.
You resist with some effort.
You sock the orc priest!
You feel a bit better.
You kill the orc priest!
A black mist starts to gather...
Your horns disappear.
The orc wizard closely misses you.
The orc wizard hits you but does no damage.
You sock the orc wizard! Your kick misses the orc wizard.
You bite the orc wizard, but do no damage.
The orc wizard is severely wounded.
Your orc priest zombie hits the orc wizard but does no damage.
The orc wizard mumbles some strange words.
The orc wizard flickers and vanishes!
Deactivating autopickup; reactivate with Ctrl-A.
You closely miss something. Your kick misses something.
Something hits you but does no damage.
Casting: Wereblood (safe; 4% risk of failure)
Confirm with . or Enter, or press ? or * to list all spells.
You grow a pair of large bovine horns.
Something hits you.
* * * LOW HITPOINT WARNING * * *
You are electrocuted!!
You die...
Your body rises from the dead as a mindless zombie.

#.#.............. .........##
#.#.####.)######## ##.........
#.........# ..#.. ..#........≈
..##.##...# ##.#.# #.#........§
..+.......#.#..#.# #.#........≈
..##.#....#......#####.#.#.....§§
..##.#....#.#........#.#.#......≈
...#.#....#<...Z{##.##.#.#..[...≈
...#.#....######@Z..##.#.#Z####..
...#.#.................#)#.######
...'....<................))...>#
...#.#..#####........###.#######
..##.#..# #..#####.# #.# ..##.#
... .... #.# #.. .###.# ..####..
#.# #.## .>..... .# #.. #.# #.#
####.#. .# #.# #.#


You could see 2 friendly orc priest zombies.

Vanquished Creatures
  Sigmund (D:3)
  Eustachio (D:4)
  Edmund (D:4)
  A scorpion (D:3)
  A water moccasin skeleton (D:2)
  A hound (D:5)
  2 iguanas
  A jelly (D:3)
  2 orc priests (D:5)
  Ijyb (D:4)
  A centaur skeleton (D:4)
  A river rat (D:3)
  13 adders
  7 worms
  2 dart slugs
  8 orcs
  6 endoplasms
  4 giant cockroaches
  8 goblins
  6 hobgoblins
  7 jackals
  7 quokkas
  7 ball pythons
  6 bats
  7 frilled lizards
  A jackal skeleton (D:4)
  7 kobolds
  26 rats
  A spectral goblin (D:1)
137 creatures vanquished.

Vanquished Creatures (collateral kills)
  3 rats (D:4)
3 creatures vanquished.

Vanquished Creatures (others)
  A hound zombie (D:5)
  2 adder zombies
  A goblin zombie (D:4)
  A ball python zombie (D:4)
  A kobold zombie (D:4)
  An orc zombie (D:5)
  A quokka zombie (D:4)
  7 rat zombies (D:4)
15 creatures vanquished.

Grand Total: 155 creatures vanquished

Notes
Turn   | Place    | Note
-------+----------+-------------------------------------------
     0 | D:1      | croobank the Gnoll Transmuter began the quest for the Orb.
     0 | D:1      | Reached XP level 1. HP: 17/17 MP: 6/6
   145 | D:1      | Reached XP level 2. HP: 7/23 MP: 7/7
   442 | D:1      | Learned a level 2 spell: Wereblood
   779 | D:1      | Found a faded altar of an unknown god.
   826 | D:1      | Reached XP level 3. HP: 24/28 MP: 9/9
  1294 | D:2      | Reached skill level 5 in Spellcasting
  1546 | D:2      | Reached skill level 1 in Invocations
  1619 | D:2      | Reached skill level 1 in Short Blades
  1619 | D:2      | Reached skill level 1 in Long Blades
  1619 | D:2      | Reached skill level 1 in Axes
  1619 | D:2      | Reached skill level 1 in Maces & Flails
  1619 | D:2      | Reached skill level 1 in Polearms
  1619 | D:2      | Reached skill level 1 in Staves
  1619 | D:2      | Reached skill level 1 in Slings
  1619 | D:2      | Reached skill level 1 in Bows
  1619 | D:2      | Reached skill level 1 in Crossbows
  1619 | D:2      | Reached skill level 1 in Throwing
  1619 | D:2      | Reached skill level 1 in Armour
  1619 | D:2      | Reached skill level 1 in Stealth
  1619 | D:2      | Reached skill level 1 in Shields
  1619 | D:2      | Reached skill level 1 in Evocations
  1930 | D:2      | Found Vits's Antique Armour Emporium.
  2002 | D:2      | Reached skill level 1 in Conjurations
  2002 | D:2      | Reached skill level 1 in Hexes
  2002 | D:2      | Reached skill level 1 in Summonings
  2002 | D:2      | Reached skill level 1 in Necromancy
  2002 | D:2      | Reached skill level 1 in Translocations
  2002 | D:2      | Reached skill level 1 in Fire Magic
  2002 | D:2      | Reached skill level 1 in Ice Magic
  2002 | D:2      | Reached skill level 1 in Air Magic
  2002 | D:2      | Reached skill level 1 in Earth Magic
  2002 | D:2      | Reached skill level 1 in Poison Magic
  2002 | D:2      | Reached XP level 4. HP: 26/34 MP: 11/11
  2055 | D:2      | Reached XP level 5. HP: 28/40 MP: 12/12
  2445 | D:2      | Noticed an ogre
  3214 | D:3      | HP: 1/41 [worm (5)]
  3225 | D:3      | HP: 1/41 [adder (1)]
  3783 | D:3      | Noticed Sigmund
  3792 | D:3      | Killed Sigmund
  3793 | D:3      | Reached skill level 5 in Dodging
  3793 | D:3      | Reached XP level 6. HP: 43/47 MP: 14/14
  3859 | D:3      | Found an ancient bone altar of Kikubaaqudgha.
  4374 | D:3      | Reached XP level 7. HP: 16/52 MP: 15/15
  4947 | D:3      | Reached skill level 7 in Unarmed Combat
  5184 | D:4      | Noticed Ijyb
  5200 | D:4      | Gained mutation: You have hidden genetic defects. [potion
                  | of mutation]
  5200 | D:4      | Gained mutation: Your movements are slightly less
                  | encumbered by armour. (ER -2) [potion of mutation]
  5200 | D:4      | Gained mutation: You have claws for feet. [potion of
                  | mutation]
  5520 | D:4      | Found a basalt altar of Yredelemnul.
  5564 | D:4      | Became a worshipper of Yredelemnul the Dark
  5793 | D:4      | Noticed Eustachio
  5829 | D:4      | Killed Eustachio
  5831 | D:4      | Gained mutation: Your body sometimes deteriorates upon
                  | taking damage. [hidden defects]
  5835 | D:4      | Killed Ijyb
  6157 | D:4      | Reached * piety under Yredelemnul
  6210 | D:4      | Your ally Ijyb died
  6439 | D:4      | Found a hide-covered altar of Uskayaw.
  6442 | D:4      | Found a broken altar of Ashenzari.
  6601 | D:4      | Noticed Edmund
  6661 | D:4      | Killed Edmund
  6662 | D:4      | Reached XP level 8. HP: 15/60 MP: 16/16
  6680 | D:4      | Gained mutation: You are dopey. (Int -2) [hidden defects]
  6680 | D:4      | Lost mutation: You have hidden genetic defects. [hidden
                  | defects expressed]
  6915 | D:4      | Found an iron altar of Okawaru.
  6979 | D:4      | Found a runed translucent door.
  6980 | D:4      | Noticed Crazy Yiuf
  6984 | D:4      | Noticed Crazy Yiuf
  6984 | D:4      | Crazy Yiuf changed into Crazy Yiuf the iguana
  6993 | D:4      | Killed Crazy Yiuf the iguana
  7074 | D:5      | Entered Level 5 of the Dungeon
  7282 | D:5      | Found an ornate altar of the Wu Jian Council.
  7353 | D:5      | Slain by an orc wizard

Illustrated notes

Levels and vault maps discovered:
D:1:      dpeg_arrival_water_fire, layout_basic,
          dreamdust_ecumenical_altar_drowned_temple, serial_bayou_crossing
D:2:      layout_rooms, serial_shops, nicolae_shop_advertising_works
          [nicolae_subvault_shop_adworks], minmay_misc_feat_tiny,
          minmay_quantized
D:3:      minmay_thinvault, layout_loops_ring,
          mainiacjoe_overflow_six_doors_small, lightli_sewer_entry_pipes,
          kennysheep_generic_room_3, uniq_sigmund
D:4:      layout_loops_cross, okawaru_gym_becter, mainiacjoe_overflow_paths,
          nicolae_overflow_squiral, minmay_rat_hole, uniq_eustachio,
          uniq_crazy_yiuf_cottage, uniq_ijyb, uniq_edmund
D:5:      layout_basic, general_overflow_altar,
          nicolae_gozag_cash_rules_everything_around_me

Skill      XL: |  1  2  3  4  5  6  7  8 |
---------------+-------------------------+-----
Spellcasting   | 5 |  5.9
Invocations    | 1 2 3 |  3.4
Short Blades   | 1 2 3 |  3.1
Long Blades    | 1 2 3 |  3.1
Axes           | 1 2 3 |  3.1
Maces & Flails | 1 2 3 |  3.1
Polearms       | 1 2 3 |  3.1
Staves         | 1 2 3 |  3.1
Slings         | 1 2 3 |  3.1
Bows           | 1 2 3 |  3.1
Crossbows      | 1 2 3 |  3.1
Throwing       | 1 2 3 |  3.1
Armour         | 1 2 3 |  3.1
Stealth        | 1 2 3 |  3.1
Shields        | 1 2 3 |  3.1
Evocations     | 1 2 3 |  3.1
Conjurations   | 1 2 |  2.5
Hexes          | 1 2 |  2.5
Summonings     | 1 2 |  2.5
Necromancy     | 1 2 |  2.5
Translocations | 1 2 |  2.5
Fire Magic     | 1 2 |  2.5
Ice Magic      | 1 2 |  2.5
Air Magic      | 1 2 |  2.5
Earth Magic    | 1 2 |  2.5
Poison Magic   | 1 2 |  2.5
Fighting       | 3 4 |  4.0
Transmutations | 4 |  4.6
Dodging        | 5 |  5.5
Unarmed Combat | 7 |  7.3

Action                   |  1- 3 |  4- 6 |  7- 9 || total
-------------------------+-------+-------+-------++-------
Melee: Unarmed           |    30 |       |       ||    30
       Kick              |    16 |    10 |    43 ||    69
       Dagger            |    41 |   173 |       ||   214
       Headbutt          |     8 |     7 |     6 ||    21
       Bite              |     2 |    15 |    15 ||    32
       Punch             |     2 |     4 |       ||     6
       Glaive            |       |    19 |   140 ||   159
       Dire flail        |       |       |    39 ||    39
 Cast: Beastly Appendage |    17 |     7 |    23 ||    47
       Wereblood         |     1 |       |     4 ||     5
Evoke: Wand              |       |       |     6 ||     6
  Use: Scroll            |       |     6 |     4 ||    10
       Potion            |       |     2 |     9 ||    11
 Stab: Sleeping          |     1 |       |     2 ||     3
       Invisible         |       |       |     1 ||     1
Armor: Robe              |    16 |     6 |       ||    22
       Chain mail        |       |    78 |       ||    78
       Leather armour    |       |     5 |    50 ||    55
Dodge: Dodged            |    69 |    82 |   161 ||   312

Table legend: (Time is in decaauts)
 A = Elapsed time spent in this place.
 B = Non-inter-level travel time spent in this place.
 C = Inter-level travel time spent in this place.
 D = Time resting spent in this place.
 E = Time spent auto-exploring this place.
 F = Levels seen in this place.
 G = Mean time per level.
                   A        B        C        D        E       F      G
               +--------+--------+--------+--------+--------+-----+--------+
         Total |   7465 |   7356 |    109 |   1586 |   3901 |   5 | 1493.0 |
       Dungeon |   7465 |   7356 |    109 |   1586 |   3901 |   5 | 1493.0 |
               +--------+--------+--------+--------+--------+-----+--------+

Top non-repeatable levels by time:
     D:3: 2556 daAuts
     D:4: 1660 daAuts
     D:2: 1548 daAuts
     D:1: 1416 daAuts
     D:5: 283 daAuts
